[Event "Titled Tuesday Blitz April 25 Late 2023"]
[White "Zakarian, David"]
[Black "Romero Ruscalleda, Josep"]
[WhiteFideId "13301276"]
[BlackFideId "2231859"]
[WhiteElo "2306"]
[BlackElo "2183"]
[Result "1-0"]
[Round "08"]
[TimeControl "180+2"]
[Date "2023.04.25"]
[WhiteClock "0:00:45"]
[BlackClock "0:00:08"]

1. d4 g6 2. h4 h5 3. c4 Bg7 4. Nc3 d6 5. e4 Nc6 6. Be3 e5 7. d5 Nce7 8. Bd3 Nf6 9. f3 Nd7 10. Nh3 Nc5 11. Nf2 Nxd3+ 12. Nxd3 O-O 13. Qd2 f5 14. Bh6 Bxh6 15. Qxh6 f4 16. c5 Rf7 17. O-O-O a6 18. Rd2 Bd7 19. Nxe5 dxe5 20. d6 cxd6 21. cxd6 Nc6 22. Qxg6+ Rg7 23. Qxh5 Qa5 24. a3 Be6 25. Nd5 Bxd5 26. Rxd5 Qa4 27. d7 Qc4+ 28. Kb1 Rd8 29. Rc1 Qe2 30. Rd6 Rxg2 31. Rg6+ Rxg6 32. Qxg6+ Kf8 33. Qf6+ Kg8 34. Rg1+ Kh7 35. Qg7# 1-0


[Site "https://www.chess.com"]

[Event "Titled Tuesday Blitz April 25 Late 2023"]
[White "D`Arruda, Ricardo D."]
[Black "Sailer, Mike"]
[WhiteFideId "100692"]
[BlackFideId "2012901"]
[WhiteElo "2271"]
[BlackElo "2109"]
[Result "1-0"]
[Round "08"]
[TimeControl "180+2"]
[Date "2023.04.25"]
[WhiteClock "0:00:38"]
[BlackClock "0:00:09"]

1. d4 d5 2. Nf3 Bf5 3. g3 e6 4. Bg2 Nf6 5. O-O Be7 6. Nh4 Bg4 7. h3 Bh5 8. g4 Bg6 9. Nc3 Nbd7 10. Bf4 c5 11. Nxg6 hxg6 12. dxc5 Nxc5 13. e3 Bd6 14. Qd4 Bxf4 15. Qxf4 Qb6 16. Rab1 O-O 17. Rfd1 Rac8 18. Rd2 a5 19. a3 Qa6 20. Bf1 Qa8 21. f3 b6 22. Nb5 Rfd8 23. Rbd1 Rd7 24. c3 Nb3 25. Rh2 Qc6 26. h4 Re7 27. Nd4 Nxd4 28. exd4 Rce8 29. Re1 Nd7 30. Rhe2 b5 31. h5 gxh5 32. gxh5 Nf8 33. Qh4 b4 34. cxb4 axb4 35. Rg2 bxa3 36. bxa3 Qd6 37. Qf6 g6 38. h6 1-0


[Site "https://www.chess.com"]

[Event "Titled Tuesday Blitz April 25 Late 2023"]
[White "Torres Dominguez, David"]
[Black "Golubev, Mikhail"]
[WhiteFideId "2220857"]
[BlackFideId "14100983"]
[WhiteElo "1999"]
[BlackElo "2374"]
[Result "1-0"]
[Round "08"]
[TimeControl "180+2"]
[Date "2023.04.25"]
[WhiteClock "0:01:16"]
[BlackClock "0:00:04"]

1. e4 g6 2. Nc3 Bg7 3. d4 d6 4. Bf4 Nc6 5. Bb5 a6 6. Bxc6+ bxc6 7. Qd2 a5 8. Nge2 Ba6 9. O-O-O a4 10. f3 h5 11. h4 Nf6 12. e5 Nd5 13. Nxd5 cxd5 14. e6 fxe6 15. Bg5 Qd7 16. Nf4 c5 17. Rhe1 Bxd4 18. Rxe6 Rh7 19. Rde1 Be5 20. Nxd5 Rb8 21. R1xe5 dxe5 22. Rxe7+ Rxe7 23. Nf6+ Kf7 24. Nxd7 Rd8 25. Nxe5+ Rxe5 26. Qxd8 1-0


[Site "https://www.chess.com"]

[Event "Titled Tuesday Blitz April 25 Late 2023"]
[White "Mickiewicz, Piotr"]
[Black "Delorme, Alban"]
[WhiteFideId "1114891"]
[BlackFideId "623636"]
[WhiteElo "2246"]
[BlackElo "2196"]
[Result "0-1"]
[Round "08"]
[TimeControl "180+2"]
[Date "2023.04.25"]
[WhiteClock "0:00:16"]
[BlackClock "0:00:19"]

1. Nf3 Nf6 2. e3 g6 3. b3 Bg7 4. Bb2 O-O 5. Be2 d5 6. O-O c5 7. c4 Nc6 8. cxd5 Nxd5 9. Bxg7 Kxg7 10. Qc1 b6 11. a3 Bb7 12. Qb2+ Kg8 13. Rd1 Qd6 14. d4 cxd4 15. Nxd4 Nxd4 16. Rxd4 Qf6 17. Rd2 Qxb2 18. Rxb2 Rac8 19. Nd2 Nc3 20. Bf3 Bxf3 21. Nxf3 e6 22. Kf1 Rfd8 23. Rc1 Ne4 24. Rxc8 Rxc8 25. Ke2 Kf8 26. Nd2 Nc3+ 27. Kd3 Nd1 28. Rb1 Nxf2+ 29. Ke2 Ng4 30. Ne4 Rc2+ 31. Kf3 Ne5+ 32. Kg3 f5 33. Nf2 g5 34. Nd1 h5 35. Rb2 h4+ 36. Kh3 Rc1 37. Rd2 Ng4 38. Nb2 Rf1 39. g3 hxg3 40. Kxg3 Nxe3 41. Nd3 f4+ 42. Kh3 Rf3# 0-1


[Site "https://www.chess.com"]

[Event "Titled Tuesday Blitz April 25 Late 2023"]
[White "Fuentes Godoy, Lilia Ivonne"]
[Black "Toniutti, Ezio"]
[WhiteFideId "5104130"]
[BlackFideId "113034"]
[WhiteElo "2096"]
[BlackElo "2215"]
[Result "0-1"]
[Round "08"]
[TimeControl "180+2"]
[Date "2023.04.25"]
[WhiteClock "0:00:01"]
[BlackClock "0:01:39"]

1. d4 d5 2. c4 c6 3. cxd5 cxd5 4. Bf4 Nf6 5. Nc3 Nc6 6. e3 a6 7. Bd3 Bg4 8. f3 Bh5 9. Nge2 e6 10. O-O Be7 11. a3 O-O 12. b4 Bg6 13. Rc1 Nd7 14. Bg3 Re8 15. Nf4 Nb6 16. Nxg6 hxg6 17. Qe2 Rc8 18. Rc2 Bd6 19. Rfc1 Bxg3 20. hxg3 e5 21. dxe5 Nxe5 22. Rd1 Qf6 23. Qf2 Rxc3 24. Rxc3 Nxf3+ 25. Qxf3 Qxc3 26. Rf1 Re7 27. Bb1 Qxe3+ 28. Qxe3 Rxe3 29. Rc1 Nc4 0-1


[Site "https://www.chess.com"]

[Event "Titled Tuesday Blitz April 25 Late 2023"]
[White "Novikova, Galina"]
[Black "Seletsky, Grigory"]
[WhiteFideId "4157095"]
[BlackFideId "14112191"]
[WhiteElo "1953"]
[BlackElo "2490"]
[Result "0-1"]
[Round "08"]
[TimeControl "180+2"]
[Date "2023.04.25"]
[WhiteClock "0:01:49"]
[BlackClock "0:02:24"]

1. e4 e6 2. Nf3 d5 3. e5 c5 4. b4 b6 5. bxc5 bxc5 6. c3 Qd7 7. d4 Ba6 8. Bd3 Bxd3 9. Qxd3 Nc6 10. O-O Nge7 11. Na3 c4 12. Qe2 Nf5 13. Nc2 Be7 14. Ne3 Nxe3 15. fxe3 O-O 16. e4 Rab8 17. exd5 exd5 18. Bg5 Nd8 19. Qf2 Ne6 20. Bxe7 Qxe7 21. Nh4 g6 22. g3 Ng5 23. Ng2 Nh3+ 0-1


[Site "https://www.chess.com"]

[Event "Titled Tuesday Blitz April 25 Late 2023"]
[White "Schuster, Karsten"]
[Black "Prydun, Andriy"]
[WhiteFideId "4611071"]
[BlackFideId "14145898"]
[WhiteElo "2294"]
[BlackElo "2164"]
[Result "1/2-1/2"]
[Round "08"]
[TimeControl "180+2"]
[Date "2023.04.25"]
[WhiteClock "0:01:06"]
[BlackClock "0:01:30"]

1. Nf3 Nf6 2. d4 d5 3. b3 c6 4. Bb2 e6 5. e3 Nbd7 6. Bd3 Be7 7. O-O O-O 8. c4 b6 9. Nbd2 Bb7 10. Rc1 a5 11. a3 Bd6 12. Ne5 c5 13. f4 cxd4 14. exd4 a4 15. b4 dxc4 16. Ndxc4 Bc7 17. f5 b5 18. Ne3 Nxe5 19. dxe5 Bb6 20. exf6 Bxe3+ 21. Kh1 Qd5 22. Rc2 Rfd8 23. fxe6 Qxe6 24. Qe2 Bd4 25. Qxe6 fxe6 26. f7+ Kf8 27. Bxh7 Bxb2 28. Rxb2 Rd7 29. Bg6 Rc8 30. h4 Rc3 31. Re2 Bd5 32. Re5 Rh3+ 33. Kg1 Rxh4 34. Rh5 Rxh5 35. Bxh5 e5 36. Rf5 Bxf7 37. Rxe5 Bxh5 38. Rxh5 Rd3 39. Rxb5 Rxa3 40. Ra5 Ke7 41. Kh2 Kf6 42. b5 g5 43. b6 Rb3 44. Rxa4 Rxb6 45. Ra5 1/2-1/2


[Site "https://www.chess.com"]

[Event "Titled Tuesday Blitz April 25 Late 2023"]
[White "Pinto, Daniel"]
[Black "Kohler, Aran"]
[WhiteFideId "3303144"]
[BlackFideId "1002856"]
[WhiteElo "2145"]
[BlackElo "2010"]
[Result "1-0"]
[Round "08"]
[TimeControl "180+2"]
[Date "2023.04.25"]
[WhiteClock "0:00:04"]
[BlackClock "0:00:02"]

1. e4 c6 2. d4 d5 3. e5 c5 4. dxc5 Nc6 5. Nf3 e6 6. a3 Bxc5 7. b4 Bb6 8. Bb2 Nh6 9. Bd3 O-O 10. Qd2 Kh8 11. O-O Nf5 12. g4 Nh4 13. Nxh4 Qxh4 14. Qf4 f5 15. Nd2 Bd7 16. h3 g5 17. Qf3 fxg4 18. Qxg4 Rf4 19. Qxh4 Rxh4 20. Nf3 Rxh3 21. Kg2 g4 22. Ng5 Rh5 23. Nf7+ Kg7 24. Nd6 Rf8 25. f3 gxf3+ 26. Rxf3 Rg5+ 27. Rg3 Rxg3+ 28. Kxg3 Bd4 29. Bxd4 Nxd4 30. Rh1 Nf5+ 31. Bxf5 exf5 32. Kf4 h6 33. Rg1+ Kh7 34. c3 Be6 35. Nb5 a6 36. Nd4 Bg8 37. e6 Re8 38. Kxf5 Bxe6+ 39. Nxe6 Rc8 40. Rg7+ Kh8 41. Rc7 Rg8 42. Rxb7 Rg3 43. Nf4 Rxc3 44. a4 Rc4 45. Nxd5 a5 46. Nf6 Rc7 47. Rxc7 axb4 48. Rh7# 1-0


[Site "https://www.chess.com"]

[Event "Titled Tuesday Blitz April 25 Late 2023"]
[White "Osmonbekov, Talaibek"]
[Black "Rottenwohrer Suarez, Juan"]
[WhiteFideId "2017253"]
[BlackFideId "32068182"]
[WhiteElo "2135"]
[BlackElo "2174"]
[Result "0-1"]
[Round "08"]
[TimeControl "180+2"]
[Date "2023.04.25"]
[WhiteClock "0:00:15"]
[BlackClock "0:00:39"]

1. d4 Nf6 2. Bf4 c5 3. d5 b5 4. a4 b4 5. e3 d6 6. Bc4 g6 7. Nd2 Bg7 8. a5 O-O 9. Ne2 Bb7 10. e4 Nh5 11. Be3 Bxb2 12. O-O Bg7 13. Ng3 Nxg3 14. hxg3 Ba6 15. f4 Bxc4 16. Nxc4 Nd7 17. g4 Qb8 18. g5 Qb5 19. Qd3 Rab8 20. Rab1 Qa6 21. Rb3 Rb5 22. Kh1 Rxa5 23. Nxa5 Qxa5 24. e5 Nb6 25. Qe4 Qb5 26. f5 Qxf1+ 27. Kh2 Qxf5 28. Qxf5 gxf5 29. exd6 exd6 30. Rb1 Re8 31. Bf2 a5 32. Kg3 a4 33. Kf4 a3 0-1


[Site "https://www.chess.com"]

[Event "Titled Tuesday Blitz April 25 Late 2023"]
[White "Grinev, Valeriy"]
[Black "Aigner, Michael"]
[WhiteFideId "14117517"]
[BlackFideId "2017288"]
[WhiteElo "2366"]
[BlackElo "1966"]
[Result "1-0"]
[Round "08"]
[TimeControl "180+2"]
[Date "2023.04.25"]
[WhiteClock "0:00:55"]
[BlackClock "0:00:19"]

1. e4 c5 2. Nc3 Nc6 3. g3 g6 4. Bg2 Bg7 5. Nge2 d6 6. O-O e6 7. a4 Nge7 8. f4 Nd4 9. Nxd4 cxd4 10. Ne2 O-O 11. d3 Bd7 12. b3 Rc8 13. Ba3 Qb6 14. h4 h5 15. Kh2 Rfd8 16. a5 Qc6 17. a6 b5 18. Bb2 Qb6 19. Ra2 b4 20. Ba1 f5 21. Qe1 Re8 22. Qf2 e5 23. Ng1 Bc6 24. Nh3 Bf6 25. Ng5 Bxg5 26. hxg5 Kg7 27. Bb2 Rf8 28. Bc1 Rce8 29. Bd2 Qb8 30. Ra5 Qb6 31. Raa1 Ba8 32. Rae1 Kg8 33. Bh3 fxe4 34. dxe4 Qxa6 35. Be6+ Kg7 36. f5 gxf5 37. exf5 Nd5 38. f6+ Kh8 39. Bxd5 Bxd5 40. g6 1-0


[Site "https://www.chess.com"]

[Event "Titled Tuesday Blitz April 25 Late 2023"]
[White "Kostiukov, Alexandr"]
[Black "Srinath, Rao S.V."]
[WhiteFideId "14108100"]
[BlackFideId "5028876"]
[WhiteElo "2202"]
[BlackElo "2196"]
[Result "1-0"]
[Round "08"]
[TimeControl "180+2"]
[Date "2023.04.25"]
[WhiteClock "0:00:48"]
[BlackClock "0:00:02"]

1. g3 d5 2. Bg2 g6 3. d3 Bg7 4. e4 dxe4 5. dxe4 Qxd1+ 6. Kxd1 Nc6 7. c3 Nf6 8. f3 O-O 9. Be3 Rd8+ 10. Nd2 Be6 11. Kc2 Ne5 12. Bh3 Bxh3 13. Nxh3 c6 14. Nf2 b5 15. a4 a6 16. Rhd1 h5 17. h3 Ned7 18. f4 e5 19. f5 gxf5 20. exf5 Nd5 21. Re1 Nxe3+ 22. Rxe3 Bh6 23. Re2 Nc5 24. Nde4 Nxa4 25. g4 hxg4 26. hxg4 Bf4 27. Nd3 Kg7 28. g5 c5 29. Rh1 Rh8 30. Rg1 c4 31. Nxf4 exf4 32. Nf6 f3 33. Rf2 Nc5 34. Rxf3 Rh2+ 35. Kb1 Nd3 36. Ka1 1-0


[Site "https://www.chess.com"]

[Event "Titled Tuesday Blitz April 25 Late 2023"]
[White "Rios Escobar, Adan"]
[Black "Leschinsky, Gary"]
[WhiteFideId "3403645"]
[BlackFideId "30951321"]
[WhiteElo "2234"]
[BlackElo "1855"]
[Result "1-0"]
[Round "08"]
[TimeControl "180+2"]
[Date "2023.04.25"]
[WhiteClock "0:01:29"]
[BlackClock "0:01:58"]

1. d4 Nf6 2. g3 d5 3. Nf3 Bf5 4. c4 e6 5. Nc3 c6 6. Nh4 Be4 7. f3 Bg6 8. Qb3 Qc7 9. Bf4 Qb6 10. Nxg6 hxg6 11. c5 Qxb3 12. axb3 Na6 13. Ra4 Nh5 14. e3 Nxf4 15. Bxa6 bxa6 16. gxf4 Kd7 17. Rxa6 Be7 18. O-O Kc7 19. Rfa1 Kb7 20. b4 Rh3 21. Kg2 Rah8 22. Rxa7+ Kb8 23. Ra8+ Kb7 24. R1a7# 1-0


[Site "https://www.chess.com"]

[Event "Titled Tuesday Blitz April 25 Late 2023"]
[White "Mazurkiewicz, Michal"]
[Black "Kraus, Tomas"]
[WhiteFideId "1124943"]
[BlackFideId "331708"]
[WhiteElo "2054"]
[BlackElo "2389"]
[Result "1-0"]
[Round "08"]
[TimeControl "180+2"]
[Date "2023.04.25"]
[WhiteClock "0:02:25"]
[BlackClock "0:01:48"]

1. e4 c5 2. Nf3 d6 3. g3 Nf6 4. d3 Nc6 5. Bg2 g6 6. O-O Bg7 7. Re1 O-O 8. e5 dxe5 9. Nxe5 Nxe5 10. Rxe5 Qc7 11. Bf4 Qb6 12. Nc3 Qxb2 13. Rxc5 Nd7 14. Rc7 Bxc3 15. Rb1 Qxa2 16. Rxc3 Nb6 17. Rcb3 Qa5 18. Ra1 Qc5 19. Be3 Qe5 20. Bxb6 1-0


[Site "https://www.chess.com"]

[Event "Titled Tuesday Blitz April 25 Late 2023"]
[White "Gerbelli Neto, Eduardo"]
[Black "Bulgurlu, Okan"]
[WhiteFideId "2103281"]
[BlackFideId "6352316"]
[WhiteElo "2178"]
[BlackElo "1908"]
[Result "1-0"]
[Round "08"]
[TimeControl "180+2"]
[Date "2023.04.25"]
[WhiteClock "0:00:08"]
[BlackClock "0:00:09"]

1. e4 c5 2. Nc3 Nc6 3. f4 e6 4. Nf3 d5 5. Bb5 dxe4 6. Bxc6+ bxc6 7. Nxe4 Ba6 8. d3 Nf6 9. Be3 Rb8 10. b3 Nd5 11. Bd2 Qc7 12. O-O h6 13. Ne5 Be7 14. Qf3 Nf6 15. Rae1 O-O 16. Bc3 Nd5 17. Bd2 Rbc8 18. c4 Nb4 19. Bxb4 cxb4 20. d4 Rfd8 21. Rd1 Bb7 22. Nc5 Bxc5 23. dxc5 Rxd1 24. Rxd1 Rd8 25. Rxd8+ Qxd8 26. Qd3 Qe7 27. Qd6 Qe8 28. Nd3 f6 29. Nxb4 a5 30. Nd3 Bc8 31. Kf2 Kh7 32. g3 Qg6 33. Qd4 e5 34. fxe5 fxe5 35. Nxe5 Qf5+ 36. Qf4 Qc2+ 37. Kf3 Bh3 38. Qe4+ Bf5 39. Qxc2 Bxc2 40. Nxc6 Bb1 41. Nxa5 Bxa2 42. c6 1-0


[Site "https://www.chess.com"]

[Event "Titled Tuesday Blitz April 25 Late 2023"]
[White "Simonovic, Miroslav"]
[Black "Ansh M Shah"]
[WhiteFideId "919152"]
[BlackFideId "25033379"]
[WhiteElo "2042"]
[BlackElo "2084"]
[Result "0-1"]
[Round "08"]
[TimeControl "180+2"]
[Date "2023.04.25"]
[WhiteClock "0:00:04"]
[BlackClock "0:00:05"]

1. d4 Nf6 2. Bg5 h6 3. Bxf6 exf6 4. c4 d5 5. Nc3 dxc4 6. e3 a6 7. a4 c5 8. dxc5 Qxd1+ 9. Rxd1 Bxc5 10. Bxc4 Nc6 11. Nf3 O-O 12. O-O Be6 13. Nd5 Rac8 14. b3 Rfd8 15. Rd2 Nb4 16. Rfd1 Nxd5 17. Bxd5 Bxd5 18. Rxd5 Rxd5 19. Rxd5 Bb4 20. g3 b6 21. Nd4 Rc3 22. Rd8+ Kh7 23. Rb8 Bc5 24. b4 Bxb4 25. Rxb6 a5 26. Rb7 Kg6 27. h4 h5 28. Ne2 Ra3 29. Nf4+ Kh6 30. Rxf7 Rxa4 31. Ne6 g6 32. Rxf6 Bc3 33. Rf7 Ra1+ 34. Kg2 a4 35. Ng5 Bg7 36. Ne6 Be5 37. f3 a3 38. g4 Ra2+ 39. Kf1 hxg4 40. fxg4 Rc2 41. Ng5 Bg7 42. Nh3 a2 43. g5+ Kh5 44. Nf4+ Kg4 45. Ra7 a1=Q+ 46. Rxa1 Bxa1 47. Nxg6 Kh5 48. Nf4+ Kxh4 49. g6 Bf6 50. e4 Kg5 51. Nd5 Kxg6 52. Ne3 Ra2 53. Nc4 Kf7 54. e5 Be7 55. Ke1 Ke6 56. Kd1 Bc5 57. Nd6 Bxd6 58. exd6 Kxd6 59. Kc1 Rh2 60. Kb1 Ke5 0-1


[Site "https://www.chess.com"]

[Event "Titled Tuesday Blitz April 25 Late 2023"]
[White "Broca Jimenez, Fernando"]
[Black "Vifleemskaia, Svetlana"]
[WhiteFideId "5104742"]
[BlackFideId "4129490"]
[WhiteElo "2062"]
[BlackElo "1930"]
[Result "1/2-1/2"]
[Round "08"]
[TimeControl "180+2"]
[Date "2023.04.25"]
[WhiteClock "0:00:07"]
[BlackClock "0:00:07"]

1. e4 e5 2. Nf3 Nc6 3. Bb5 a6 4. Ba4 Nf6 5. O-O Be7 6. Re1 b5 7. Bb3 d6 8. c3 O-O 9. h3 Nd7 10. Bd5 Bb7 11. d3 Kh8 12. g4 h6 13. Be3 Na5 14. Bxb7 Nxb7 15. Nbd2 c5 16. Nf1 Re8 17. Qd2 Bf8 18. Ng3 Kh7 19. Nf5 Nb6 20. Kh2 d5 21. Qe2 g6 22. Ng3 d4 23. cxd4 cxd4 24. Bd2 Rc8 25. Rec1 Qf6 26. Ne1 Na4 27. Rab1 Qe6 28. b3 Nc3 29. Bxc3 dxc3 30. Rc2 b4 31. Rbc1 Bc5 32. Nf1 Qf6 33. Ne3 Bxe3 34. fxe3 Nc5 35. Kg2 Rcd8 36. Rd1 a5 37. Rcc1 Rd7 38. Qf3 Qh4 39. d4 Nb7 40. d5 Nd6 41. Kh2 Rc7 42. Ng2 Qe7 43. h4 Kg7 44. Kh3 Qd7 45. Kg3 Qe7 46. Kh3 Qd7 47. Kg3 Qe7 48. Kh3 1/2-1/2


[Site "https://www.chess.com"]

[Event "Titled Tuesday Blitz April 25 Late 2023"]
[White "Lutz, Igor Oscar"]
[Black "Allahverdiyeva, Ayan"]
[WhiteFideId "2110806"]
[BlackFideId "13412590"]
[WhiteElo "1969"]
[BlackElo "1980"]
[Result "0-1"]
[Round "08"]
[TimeControl "180+2"]
[Date "2023.04.25"]
[WhiteClock "0:01:29"]
[BlackClock "0:01:42"]

1. d4 Nf6 2. c4 e6 3. g3 Bb4+ 4. Bd2 Be7 5. Bg2 O-O 6. e4 d5 7. e5 Ne4 8. Nc3 Nxd2 9. Qxd2 dxc4 10. Nf3 c5 11. O-O Nc6 12. Rfd1 cxd4 13. Nxd4 Nxe5 14. Nce2 Bf6 15. Qc3 Qb6 16. Qxc4 Nxc4 0-1


[Site "https://www.chess.com"]

[Event "Titled Tuesday Blitz April 25 Late 2023"]
[White "Rosenberg, Evan S"]
[Black "Toma, Katarzyna"]
[WhiteFideId "2019299"]
[BlackFideId "1119907"]
[WhiteElo "1956"]
[BlackElo "2149"]
[Result "1-0"]
[Round "08"]
[TimeControl "180+2"]
[Date "2023.04.25"]
[WhiteClock "0:01:03"]
[BlackClock "0:00:01"]

1. d4 d5 2. Nf3 Nf6 3. c4 e6 4. g3 c6 5. Bg2 Be7 6. O-O O-O 7. Nc3 Nbd7 8. Qd3 dxc4 9. Qxc4 Nb6 10. Qd3 Nbd5 11. e4 Nxc3 12. bxc3 c5 13. e5 Nd5 14. h4 h5 15. Bg5 cxd4 16. cxd4 Bd7 17. Bxe7 Qxe7 18. Ng5 g6 19. Bxd5 exd5 20. Rac1 Bf5 21. Qe3 Rac8 22. f3 Rc7 23. Rxc7 Qxc7 24. Rc1 Qa5 25. a3 Rc8 26. e6 Rxc1+ 27. Qxc1 Bxe6 28. Nxe6 fxe6 29. Qc8+ Kf7 30. Qxb7+ Kf6 31. Qb4 Qxb4 32. axb4 e5 33. dxe5+ Kxe5 34. Kf2 Kd4 35. g4 Kc3 36. f4 d4 37. f5 gxf5 38. gxh5 d3 39. h6 d2 40. h7 d1=Q 41. h8=Q+ Kxb4 42. Qb8+ Kc5 43. Qxa7+ Kc4 44. Qc7+ Kb5 45. Qe5+ Ka4 46. Qf4+ Kb3 47. Qf3+ Qxf3+ 48. Kxf3 Kc4 49. Kf4 Kd5 50. Kxf5 1-0


[Site "https://www.chess.com"]

[Event "Titled Tuesday Blitz April 25 Late 2023"]
[White "Sanchez, Robert"]
[Black "Winkels, Marcel"]
[WhiteFideId "2034360"]
[BlackFideId "1003887"]
[WhiteElo "1966"]
[BlackElo "1900"]
[Result "0-1"]
[Round "08"]
[TimeControl "180+2"]
[Date "2023.04.25"]
[WhiteClock "0:02:23"]
[BlackClock "0:01:17"]

1. e4 d5 2. exd5 Nf6 3. Nc3 Bg4 4. Be2 Bxe2 5. Qxe2 Nxd5 6. Qb5+ c6 7. Qxb7 Nb6 8. a4 a5 9. d3 e6 10. Be3 c5 11. Nb5 Na6 12. Nf3 Be7 13. Ne5 Qb8 14. Qc6+ 0-1


[Site "https://www.chess.com"]

[Event "Titled Tuesday Blitz April 25 Late 2023"]
[White "Martinez Alcantara, Jose Eduardo"]
[Black "Esipenko, Andrey"]
[WhiteFideId "3805662"]
[BlackFideId "24175439"]
[WhiteElo "2711"]
[BlackElo "2615"]
[Result "1-0"]
[Round "09"]
[TimeControl "180+2"]
[Date "2023.04.25"]
[WhiteClock "0:00:15"]
[BlackClock "0:00:03"]

1. e4 e5 2. Nf3 Nf6 3. Nc3 Nc6 4. h3 d5 5. exd5 Nxd5 6. Bb5 Nxc3 7. bxc3 Bd6 8. O-O O-O 9. d4 exd4 10. cxd4 h6 11. c4 Bf5 12. Bb2 Nb4 13. c5 Be7 14. Qb3 Nd5 15. Bc4 Be6 16. Rfe1 c6 17. Ne5 Qc7 18. Qf3 Rfd8 19. Bb3 Bf6 20. Ng4 Bg5 21. g3 Re8 22. Re5 Bxg4 23. hxg4 Bf6 24. Rxe8+ Rxe8 25. Bxd5 cxd5 26. Qxd5 Re2 27. Bc3 b6 28. Re1 Rxe1+ 29. Bxe1 Qe7 30. Kf1 bxc5 31. dxc5 Qe8 32. c6 Bd8 33. Bb4 Bb6 34. Bc5 Qc8 35. Bxb6 Qa6+ 36. Kg2 Qxb6 37. Qd7 Qb5 38. Qd8+ Kh7 39. c7 Qb6 40. c8=Q 1-0


[Site "https://www.chess.com"]

[Event "Titled Tuesday Blitz April 25 Late 2023"]
[White "Nihal Sarin"]
[Black "Makarian, Rudik"]
[WhiteFideId "25092340"]
[BlackFideId "44105681"]
[WhiteElo "2689"]
[BlackElo "2430"]
[Result "1-0"]
[Round "09"]
[TimeControl "180+2"]
[Date "2023.04.25"]
[WhiteClock "0:01:57"]
[BlackClock "0:01:35"]

1. b4 e5 2. Bb2 Bxb4 3. Bxe5 Nf6 4. c3 Be7 5. g3 Nc6 6. Bxf6 Bxf6 7. Bg2 O-O 8. e3 d5 9. Ne2 Na5 10. O-O c6 11. d4 b6 12. Nd2 Re8 13. Re1 Bf5 14. h4 Qd7 15. Nf4 b5 16. e4 dxe4 17. Nxe4 Bxe4 18. Bxe4 g6 19. Qf3 Bg7 20. a4 Nb3 21. Bxc6 1-0


[Site "https://www.chess.com"]

[Event "Titled Tuesday Blitz April 25 Late 2023"]
[White "Duda, Jan-Krzysztof"]
[Black "Naroditsky, Daniel"]
[WhiteFideId "1170546"]
[BlackFideId "2026961"]
[WhiteElo "2790"]
[BlackElo "2633"]
[Result "0-1"]
[Round "09"]
[TimeControl "180+2"]
[Date "2023.04.25"]
[WhiteClock "0:00:04"]
[BlackClock "0:00:08"]

1. e4 c5 2. Nf3 d6 3. Bc4 Nf6 4. d3 Nc6 5. c3 e6 6. Bb3 Be7 7. O-O O-O 8. Re1 b5 9. Nbd2 Bb7 10. Nf1 Ne5 11. Nxe5 dxe5 12. Qe2 Qc7 13. Bc2 Rad8 14. h3 Rd7 15. Nh2 Rfd8 16. Nf3 h6 17. a4 b4 18. Nd2 Ba6 19. Nc4 bxc3 20. bxc3 Bxc4 21. dxc4 Qa5 22. Ra3 Nh7 23. Rd1 Rxd1+ 24. Bxd1 Bg5 25. Bxg5 Nxg5 26. Bc2 Nh7 27. Qe3 Nf6 28. Kh2 a6 29. Qg3 Qc7 30. Qe3 Qa5 31. Ra1 Rb8 32. Rd1 Rb2 33. Rd2 Qc7 34. Qe1 Qc6 35. Qc1 Rb8 36. Qd1 Kh7 37. Rd6 Qb7 38. f4 Qc7 39. Rxa6 Rd8 40. Qe1 Nh5 41. f5 exf5 42. Qh4 Nf6 43. a5 Rd2 44. Bb1 f4 45. Rb6 f3 46. Kg3 f2 47. Bd3 Rxd3+ 48. Kxf2 Qd7 49. Kg1 Rxc3 50. a6 Qd4+ 51. Kh2 Rc1 52. Rxf6 Qg1+ 53. Kg3 gxf6 54. Qxf6 Rc3+ 55. Kh4 Qe1+ 56. g3 Qxg3+ 0-1


[Site "https://www.chess.com"]

[Event "Titled Tuesday Blitz April 25 Late 2023"]
[White "Terry, Renato"]
[Black "Sarana, Alexey"]
[WhiteFideId "3803457"]
[BlackFideId "24133795"]
[WhiteElo "2575"]
[BlackElo "2714"]
[Result "0-1"]
[Round "09"]
[TimeControl "180+2"]
[Date "2023.04.25"]
[WhiteClock "0:00:02"]
[BlackClock "0:00:14"]

1. d4 Nf6 2. Nf3 d5 3. Bf4 c5 4. e3 Nc6 5. c3 Qb6 6. Qb3 c4 7. Qc2 Bf5 8. Qc1 e6 9. Nh4 Be4 10. Nd2 h6 11. Nhf3 Bh7 12. Be2 Be7 13. O-O Nh5 14. Be5 O-O 15. h3 Nf6 16. Bf4 Qd8 17. b3 b5 18. a4 a6 19. axb5 axb5 20. Qb2 Nd7 21. Rxa8 Qxa8 22. Ra1 Qc8 23. bxc4 bxc4 24. Qb5 f6 25. Ra6 Ndb8 26. Rb6 Na7 27. Qa5 Nbc6 28. Qa4 Bd8 29. Rb2 Rf7 30. e4 Rb7 31. Rxb7 Qxb7 32. exd5 exd5 33. Nf1 Qb5 34. Qa1 Ba5 35. Bd2 Qb3 36. Ne3 Be4 37. Bd1 Qb7 38. Qa2 Kh8 39. Nh4 Nb5 40. Qb2 Nd6 41. Qxb7 Nxb7 42. f3 Bd3 43. g4 Nxd4 44. Nxd5 Nb3 45. Be3 N7c5 46. Bf2 Na4 47. Be1 Nb2 48. Bxb3 cxb3 49. Ng2 Nc4 50. Ngf4 b2 51. Nxd3 b1=Q 52. N5f4 Ne5 0-1


[Site "https://www.chess.com"]

[Event "Titled Tuesday Blitz April 25 Late 2023"]
[White "Van Foreest, Jorden"]
[Black "Bluebaum, Matthias"]
[WhiteFideId "1039784"]
[BlackFideId "24651516"]
[WhiteElo "2633"]
[BlackElo "2638"]
[Result "0-1"]
[Round "09"]
[TimeControl "180+2"]
[Date "2023.04.25"]
[WhiteClock "0:00:04"]
[BlackClock "0:00:36"]

1. e4 e6 2. d4 d5 3. Nc3 Nf6 4. Bg5 dxe4 5. Nxe4 Be7 6. Nxf6+ Bxf6 7. Bxf6 Qxf6 8. Nf3 O-O 9. Bd3 c5 10. O-O cxd4 11. Nxd4 e5 12. Nb5 Nc6 13. Nc7 Rb8 14. Nd5 Qd8 15. Ne3 Be6 16. Be4 f5 17. Qxd8 Rbxd8 18. Bxc6 bxc6 19. f4 exf4 20. Rxf4 g5 21. Ra4 f4 22. Nf1 Rd7 23. Re1 Bf5 24. h4 Bxc2 25. Rc4 Bd3 26. Rxc6 g4 27. Nh2 h5 28. Rc5 Rf5 29. Rc8+ Kg7 30. Nf1 Rfd5 31. g3 f3 32. Ne3 Re5 33. Rcc1 Bg6 34. Nf1 Re2 35. Rxe2 fxe2 36. Ne3 Rf7 37. Re1 Bd3 38. Kg2 Rf3 39. Nc2 Rf1 40. b3 Be4+ 41. Kh2 Rf2+ 42. Kg1 Rg2+ 43. Kh1 Rxg3+ 44. Kh2 Rh3+ 45. Kg1 g3 0-1


[Site "https://www.chess.com"]

[Event "Titled Tuesday Blitz April 25 Late 2023"]
[White "Kuzubov, Yuriy"]
[Black "Lazavik, Denis"]
[WhiteFideId "14112906"]
[BlackFideId "13515110"]
[WhiteElo "2496"]
[BlackElo "2560"]
[Result "1-0"]
[Round "09"]
[TimeControl "180+2"]
[Date "2023.04.25"]
[WhiteClock "0:00:11"]
[BlackClock "0:00:05"]

1. d4 d5 2. c4 c6 3. Nf3 Nf6 4. Nc3 dxc4 5. a4 Bf5 6. Nh4 e6 7. Nxf5 exf5 8. e3 Bb4 9. Bxc4 O-O 10. O-O Nbd7 11. Qc2 Nb6 12. Bb3 Qd7 13. f3 a5 14. Kh1 Rfe8 15. Bd2 f4 16. e4 Qxd4 17. Bxf4 Qc5 18. Rad1 Nbd7 19. Qb1 Qe7 20. Ne2 Nc5 21. Bc2 Ne6 22. Bc1 Nc5 23. Ng3 g6 24. Bg5 Qe6 25. Ne2 Nfd7 26. Nd4 Qe5 27. f4 Qg7 28. e5 f6 29. exf6 Nxf6 30. f5 Nfe4 31. Bc1 Rad8 32. Qa2+ Kh8 33. Qc4 Nd6 34. Qa2 Nde4 35. fxg6 Rxd4 36. Rxd4 Nf2+ 37. Kg1 Qxd4 38. Qf7 Nh3+ 39. Kh1 Nf2+ 40. Rxf2 Re1+ 41. Rf1 Rxf1+ 42. Qxf1 hxg6 43. Qf8+ Kh7 44. Qf7+ Kh8 45. Qe8+ Kg7 46. Qxg6+ Kf8 47. Qf5+ Ke8 48. h3 Nd7 49. Bg5 Be7 50. Qe6 Qd6 51. Qxd6 Bxd6 52. Bg6+ Kf8 53. h4 Be5 54. b3 Nc5 55. Bc2 Ne6 56. Bd2 Nd4 57. Bd1 Nf5 58. Bxa5 Nxh4 59. Kg1 Nf5 60. Kf2 Ke7 61. Kf3 Ke6 62. Ke4 Nd6+ 63. Kd3 b5 64. Bb4 Nf5 65. Bg4 Kf6 66. Bxf5 Kxf5 67. a5 1-0


[Site "https://www.chess.com"]